 Dungeon Crawl Stone Soup version 0.18-a0-455-gc7d4c65 (webtiles) character file.

28 Duffy the Caller (level 2, -1/19 HPs)
             Began as a Mummy Summoner on Dec 1, 2015.
             Slain by an adder (3 damage)
             ... on level 2 of the Dungeon.
             The game lasted 00:02:02 (1582 turns).

Duffy the Caller (Mummy Summoner)                   Turns: 1582, Time: 00:02:02

Health: -1/19      AC:  2    Str: 11    XL:     2   Next: 96%
Magic:  0/5        EV: 12    Int: 14    God:
Gold:   37         SH:  0    Dex: 12    Spells: 2 memorised, 3 levels left

rFire  x . .     SeeInvis .     c - 79 stones
rCold  + . .     Clarity  .     a - +0 robe
rNeg   + + +     SustAt   .     (no shield)
rPois  ∞         Gourm    .     (no helmet)
rElec  .         Spirit   .     (no cloak)
rCorr  .         Dsmss    .     (no gloves)
rMut   .         Stasis   .     (no boots)
MR     .....                    (no amulet)
Stlth  ++........               (no ring)
                                (no ring)

@: not resistant to hostile enchantments, unstealthy
A: no food or potions, fire vulnerability, cold resistance 1, negative energy
resistance 3, torment resistance, unbreathing
a: no special abilities


You were on level 2 of the Dungeon.
You were not hungry.

You visited 1 branch of the dungeon, and saw 2 of its levels.

You collected 37 gold pieces.


Innate Abilities, Weirdness & Mutations

You do not eat or drink.
Your flesh is vulnerable to fire.
You are immune to poison.
Your flesh is cold resistant.
You are immune to negative energy.
You are immune to unholy pain and torment.
You can survive without breathing.


   Skills:
 - Level 1.5 Dodging
 - Level 1.5 Stealth
 + Level 2.5 Spellcasting
 * Level 3.8 Summonings


You had 3 spell levels left.
You knew the following spells:

 Your Spells              Type           Power        Failure   Level  Hunger
a - Summon Small Mammal   Summ           ##..         6%          1    N/A
i - Call Imp              Summ           ##......     10%         2    N/A

Inventory:

Missiles
 c - 79 stones (in hand)
Armour
 a - a +0 robe (worn)
Scrolls
 d - 2 scrolls of teleportation {unknown}
 e - a scroll of magic mapping {unknown}
 f - a scroll of identify {unknown}
 g - a scroll of fear {unknown}
Books
 b - a book of Callings

Dungeon Overview and Level Annotations

Branches:
Dungeon (2/15)

Altars:


Message History

Your quokka bites the adder.
The adder closely misses your quokka.
Your quokka completely misses the adder.
You climb upwards.
There is a stone staircase leading down here.
Your magical contamination has completely faded away.
Magic restored.
HP restored.
Done exploring.
You climb downwards.
The adder bites you.
There is a stone staircase leading up here.
Cast which spell? (? or * to list)
A beastly little devil appears in a puff of flame.
The adder bites you but does no damage. The adder barely misses you.
Cast which spell? (? or * to list)
A beastly little devil appears in a puff of flame.
The adder closely misses you.
Your crimson imp blinks!
Cast which spell? (? or * to list)
The adder bites you.
Your crimson imp blinks!
Your crimson imp barely misses the adder.
The adder bites you.
Your crimson imp hits the adder.
The adder bites you.
You swap places.
Your bat closely misses the adder.
The adder barely misses you.
Your crimson imp closely misses the adder.
Your bat hits the adder but does no damage.
Your bat misses the adder.
Your crimson imp hits the adder.
Your bat completely misses the adder.
The adder misses you.
Your crimson imp hits the adder.
Your bat hits the adder. The adder bites you.
Your crimson imp closely misses the adder.
Your bat completely misses the adder.
The adder bites you.
Your crimson imp closely misses the adder.
Your bat barely misses the adder.
The adder bites you.
You die...

...............#....#
...####.......#.....#
..)#
#.............#####
..##
##.#.#.#.#........#
.. #####..##........#
.. ........#........#
.. .###..#.)5.......#
.. #...####5S.b....#
#. ...#......@......#
.. #.####........# .
#........# #........#
#........# ##########


You could see an adder, 2 friendly crimson imps and a friendly bat.

Action                   || total
-------------------------++-------
Throw: Stone             ||     3
 Cast: Summon Small Mamm ||    51
       Call Imp          ||     6

Notes
Turn   | Place    | Note
--------------------------------------------------------------
     0 | D:1      | Duffy the Mummy Summoner began the quest for the Orb.
     0 | D:1      | Reached XP level 1. HP: 13/13 MP: 3/3
   658 | D:1      | Reached XP level 2. HP: 14/19 MP: 1/5
  1115 | D:1      | Learned a level 2 spell: Call Imp
  1582 | D:2      | Slain by an adder

Vault maps used:
D:1:      dpeg_arrival_shelter
D:2:      grunt_temple_overflow_open, st_stairs_4,
          hangedman_abyss_or_decor_lesser_grid

Vanquished Creatures
  An adder
  2 giant geckos
  2 giant cockroaches
  A goblin
  9 hobgoblins
  A bat
  A giant newt
  4 jackals
  7 kobolds
  3 rats
31 creatures vanquished.
